 Dungeon Crawl Stone Soup version 0.22-a0-181-gb22368a (webtiles) character file.

931 mhoghedin the Ducker (level 8, -3/67 HPs)
             Began as a Gnoll Monk on Feb 14, 2018.
             Was a Believer of Wu Jian.
             Slain by an ogre
             ... wielding a +0 giant club
              (15 damage)
             ... on level 5 of the Dungeon.
             The game lasted 00:10:01 (5096 turns).

mhoghedin the Ducker (Gnoll Monk)                   Turns: 5096, Time: 00:10:02

Health: -3/67      AC:  2    Str: 15    XL:     8   Next: 11%
Magic:  12/12      EV: 17    Int: 13    God:    Wu Jian [**....]
Gold:   223        SH:  5    Dex: 18    Spells: 12/12 levels left

rFire    x . .     SeeInvis .   a - +0 falchion
rCold    + . .     Gourm    .   n - +0 buckler
rNeg     . . .     Faith    .   e - -2 robe (curse)
rPois    .         Spirit   .   (no helmet)
rElec    .         Reflect  .   (no cloak)
rCorr    .         Harm     .   l - +0 pair of gloves
MR       .....                  m - +0 pair of boots
Stlth    +++.......             (no amulet)
HPRegen  0.21/turn              d - ring of ice {rC+, rF-}
MPRegen  0.13/turn              (no ring)

@: no status effects
A: distributed training, fangs 1, strong nose
a: Wall Jump, Renounce Religion


You were on level 5 of the Dungeon.
You worshipped Wu Jian.
Wu Jian was pleased with you.
You were not hungry.

You visited 1 branch of the dungeon, and saw 5 of its levels.
You also visited: Sewer.

You collected 223 gold pieces.

Inventory:

Hand Weapons
 a - a +0 falchion (weapon)
Armour
 b - a +0 robe
 e - a cursed -2 robe (worn)
   (You found it on level 2 of the Dungeon)
 l - a +0 pair of gloves (worn)
   (You found it on level 3 of the Dungeon)
 m - a +0 pair of boots (worn)
   (You found it on level 4 of the Dungeon)
 n - a +0 buckler (worn)
   (You found it on level 4 of the Dungeon)
Jewellery
 d - a ring of ice (left hand) {rC+, rF-}
   (You found it on level 2 of the Dungeon)
Wands
 h - a wand of flame (67)
   (You found it on level 3 of the Dungeon)
Scrolls
 i - 2 scrolls of identify
 j - a scroll of fear
Potions
 f - 3 potions of curing
 g - a potion of flight
Comestibles
 c - 7 rations


   Skills:
 + Level 7.2 Fighting
 + Level 2.9 Short Blades
 + Level 7.2 Long Blades
 + Level 2.9 Axes
 + Level 2.9 Maces & Flails
 + Level 2.9 Polearms
 + Level 2.9 Staves
 + Level 2.9 Slings
 + Level 2.9 Bows
 + Level 2.9 Crossbows
 + Level 2.9 Throwing
 + Level 2.9 Armour
 + Level 7.2 Dodging
 + Level 5.1 Stealth
 + Level 2.9 Shields
 + Level 2.9 Unarmed Combat
 + Level 2.9 Spellcasting
 + Level 2.3 Conjurations
 + Level 2.3 Hexes
 + Level 2.3 Charms
 + Level 2.3 Summonings
 + Level 2.3 Necromancy
 + Level 2.3 Translocations
 + Level 2.3 Transmutations
 + Level 2.3 Fire Magic
 + Level 2.3 Ice Magic
 + Level 2.3 Air Magic
 + Level 2.3 Earth Magic
 + Level 2.3 Poison Magic
 + Level 3.2 Invocations
 + Level 2.9 Evocations


You had 12 spell levels left.
You didn't know any spells.

Dungeon Overview and Level Annotations

Branches:
Dungeon (5/15)
 Temple: D:4-7

Altars:
Trog
Wu Jian
The Shining One


Innate Abilities, Weirdness & Mutations

Your experience applies equally to all skills.
You have very sharp teeth.
Your uncanny sense of smell can sniff out nearby items.


Message History

The eye of draining gazes at you.
You feel your power leaking away.
You completely miss the eye of draining.
You bite the eye of draining, but do no damage.
You hit the eye of draining but do no damage.
You slash the eye of draining!
You kill the eye of draining!
The Council accepts your kill.
Your Invocations skill increases to level 3!
You hit the eye of draining. You hit the eye of draining.
You bite the eye of draining, but do no damage.
The eye of draining gazes at you.
You hit the eye of draining.
You hit the eye of draining but do no damage.
Your bite misses the eye of draining. You hit the eye of draining.
You hit the eye of draining.
You bite the eye of draining, but do no damage.
You hit the eye of draining.
You hit the eye of draining but do no damage.
You hit the eye of draining.
You bite the eye of draining, but do no damage.
The eye of draining gazes at you.
You feel your power leaking away.
You now have 0/11 mp.
You have no room to wall jump there; the eye of draining is in the way.
You lunge at the eye of draining.
You slash the eye of draining! The eye of draining gazes at you.
There is a stone staircase leading down here.
You hit the eye of draining. You slash the eye of draining!
You kill the eye of draining!
The Council accepts your kill.
You have reached level 8!
You feel clever.
Health restored: 67 There isn't anything here!
You see here an adder corpse.
You butcher the adder corpse.
k - a chunk of flesh {@w0} You see here an adder skeleton.
You start resting.
Eating a chunk of flesh {@w0}.
You eat the chunk of flesh {@w0}.
i - 2 scrolls of identify (gained 1)
An ogre comes into view. It is wielding a giant club.
MP restored: 12 An ogre is nearby!
No target in view!
A centaur comes into view.
The centaur shouts!
The centaur wields a runed shortbow.
The centaur shoots an arrow.
The arrow barely misses you.
You see here an arrow.
The ogre shouts!
You have no room to wall jump there; the centaur is in the way.
You hit the ogre. The ogre hits you with a giant club.
You take 6 damage, and have 61/67 hp.
You spin and attack the ogre.
You hit the ogre but do no damage.
The centaur shoots an arrow.
The arrow hits you! The ogre hits you with a giant club!!
The centaur shoots an arrow.
You block the arrow.
You see here 2 arrows.
You take 30 damage, and have 31/67 hp.
MASSIVE DAMAGE!!
The centaur shoots an arrow.
The arrow hits you.
You take 5 damage, and have 26/67 hp.
Aim: an ogre, wielding a giant club (lightly wounded)
The puff of flame hits the ogre.
The centaur shoots an arrow.
The arrow misses you.
You hit the ogre.
The centaur shoots an arrow.
The arrow hits you but does no damage. The ogre misses you.
The centaur shoots an arrow.
The arrow hits you.
You take 1 damage, and have 26/67 hp.
You hit the ogre but do no damage.
The centaur shoots an arrow.
The arrow barely misses you. The ogre completely misses you.
It was a potion of ambrosia.
You are confused.
You feel invigorated.
The centaur shoots an arrow.
The arrow closely misses you. The ogre closely misses you.
You regained 5 hp, and now have 31/67 hp.
Unknown command.
Unknown command.
The centaur shoots an arrow.
The arrow hits you!
You see here an arrow.
You take 5 damage, and have 26/67 hp.
You feel less invigorated.
You feel less confused. The ogre barely misses you.
The centaur shoots an arrow.
You block the arrow.
You see here an arrow.
You regained 3 hp, and now have 29/67 hp.
You hit the ogre. You bite the ogre. The ogre hits you with a giant club!
* * * LOW HITPOINT WARNING * * *
You take 13 damage, and have 16/67 hp.
You barely miss the ogre. The centaur barely misses you.
You hit the ogre. Your bite misses the ogre.
The centaur hits you with an enchanted shortbow.
* * * LOW HITPOINT WARNING * * *
The ogre hits you with a giant club!
You die...

#........(...
.#####<...........
................#
#.#####........#
#...รท....#
#......>(# #
####.(.#.##.# ..##
###..Oc.....#
#....##.(.##@..##..#
#....###.)...# .#
####.##.8)..8.# #
#...#.......#
#...#.......# #.#
#...##.._..##
.....#....##...##
#....(..#####
###..........


You could see an ogre and a centaur.

Vanquished Creatures
  2 eyes of draining (D:5)
  An ogre (D:3)
  A big kobold (Sewer)
  2 scorpions (D:4)
  A howler monkey (D:4)
  2 electric eels (D:3)
  A hound (D:4)
  A bullfrog skeleton (D:2)
  An orc wizard (D:4)
  3 worker ants (D:4)
  A howler monkey skeleton (D:4)
  5 adders
  2 river rats (Sewer)
  A shadow imp (D:3)
  An ooze (D:2)
  2 worms (D:2)
  3 dart slugs
  5 leopard geckos
  14 orcs
  4 bats
  10 giant cockroaches
  15 goblins
  12 hobgoblins
  A jackal (Sewer)
  A quokka (D:2)
  2 ball pythons
  4 frilled lizards
  12 kobolds
  2 leopard gecko skeletons (D:4)
  9 rats
121 creatures vanquished.

Notes
Turn   | Place    | Note
-------+----------+-------------------------------------------
     0 | D:1      | mhoghedin the Gnoll Monk began the quest for the Orb.
     0 | D:1      | Reached XP level 1. HP: 23/23 MP: 1/1
    43 | D:1      | Reached XP level 2. HP: 26/29 MP: 2/2
   226 | D:1      | Reached XP level 3. HP: 31/35 MP: 3/3
   742 | D:2      | Reached skill level 1 in Invocations
   811 | D:2      | Reached skill level 1 in Short Blades
   811 | D:2      | Reached skill level 1 in Axes
   811 | D:2      | Reached skill level 1 in Maces & Flails
   811 | D:2      | Reached skill level 1 in Polearms
   811 | D:2      | Reached skill level 1 in Staves
   811 | D:2      | Reached skill level 1 in Slings
   811 | D:2      | Reached skill level 1 in Bows
   811 | D:2      | Reached skill level 1 in Crossbows
   811 | D:2      | Reached skill level 1 in Throwing
   811 | D:2      | Reached skill level 1 in Armour
   811 | D:2      | Reached skill level 1 in Shields
   811 | D:2      | Reached skill level 1 in Unarmed Combat
   811 | D:2      | Reached skill level 1 in Spellcasting
   811 | D:2      | Reached skill level 1 in Evocations
   867 | D:2      | Reached XP level 4. HP: 35/41 MP: 5/5
   996 | D:2      | HP: 10/41 [bullfrog skeleton (7)]
  1060 | D:2      | HP: 2/41 [worm (10)]
  1440 | D:2      | Reached skill level 1 in Conjurations
  1440 | D:2      | Reached skill level 1 in Hexes
  1440 | D:2      | Reached skill level 1 in Charms
  1440 | D:2      | Reached skill level 1 in Summonings
  1440 | D:2      | Reached skill level 1 in Necromancy
  1440 | D:2      | Reached skill level 1 in Translocations
  1440 | D:2      | Reached skill level 1 in Transmutations
  1440 | D:2      | Reached skill level 1 in Fire Magic
  1440 | D:2      | Reached skill level 1 in Ice Magic
  1440 | D:2      | Reached skill level 1 in Air Magic
  1440 | D:2      | Reached skill level 1 in Earth Magic
  1440 | D:2      | Reached skill level 1 in Poison Magic
  1728 | D:3      | Found a glowing drain.
  1737 | D:3      | Reached XP level 5. HP: 39/47 MP: 6/6
  1744 | Sewer    | Entered a sewer
  1780 | Sewer    | HP: 9/47 [river rat (6)]
  2076 | Sewer    | Noticed a big kobold
  2105 | Sewer    | Killed a big kobold
  2347 | Sewer    | Found a white marble altar of Elyvilon.
  2697 | D:3      | Reached XP level 6. HP: 50/53 MP: 8/8
  2741 | D:3      | Reached skill level 2 in Invocations
  2951 | D:3      | Found a transporter.
  2970 | D:3      | Found a transporter.
  3469 | D:3      | Reached skill level 2 in Short Blades
  3469 | D:3      | Reached skill level 2 in Axes
  3469 | D:3      | Reached skill level 2 in Maces & Flails
  3469 | D:3      | Reached skill level 2 in Polearms
  3469 | D:3      | Reached skill level 2 in Staves
  3469 | D:3      | Reached skill level 2 in Slings
  3469 | D:3      | Reached skill level 2 in Bows
  3469 | D:3      | Reached skill level 2 in Crossbows
  3469 | D:3      | Reached skill level 2 in Throwing
  3469 | D:3      | Reached skill level 2 in Armour
  3469 | D:3      | Reached skill level 2 in Shields
  3469 | D:3      | Reached skill level 2 in Unarmed Combat
  3469 | D:3      | Reached skill level 2 in Spellcasting
  3469 | D:3      | Reached skill level 2 in Evocations
  3581 | D:4      | Noticed an orc warrior
  3784 | D:4      | Reached XP level 7. HP: 49/59 MP: 10/10
  3995 | D:4      | Reached skill level 7 in Fighting
  3995 | D:4      | Reached skill level 7 in Long Blades
  3995 | D:4      | Reached skill level 7 in Dodging
  4211 | D:4      | Reached skill level 2 in Conjurations
  4211 | D:4      | Reached skill level 2 in Hexes
  4211 | D:4      | Reached skill level 2 in Charms
  4211 | D:4      | Reached skill level 2 in Summonings
  4211 | D:4      | Reached skill level 2 in Necromancy
  4211 | D:4      | Reached skill level 2 in Translocations
  4211 | D:4      | Reached skill level 2 in Transmutations
  4211 | D:4      | Reached skill level 2 in Fire Magic
  4211 | D:4      | Reached skill level 2 in Ice Magic
  4211 | D:4      | Reached skill level 2 in Air Magic
  4211 | D:4      | Reached skill level 2 in Earth Magic
  4211 | D:4      | Reached skill level 2 in Poison Magic
  4419 | D:4      | Found a glowing golden altar of the Shining One.
  4541 | D:4      | Reached skill level 5 in Stealth
  4629 | D:4      | Found an ornate altar of the Wu Jian Council.
  4723 | D:4      | Became a worshipper of the Wu Jian Council
  4723 | D:4      | Reached * piety under Wu Jian
  4723 | D:4      | Reached ** piety under Wu Jian
  4916 | D:5      | Entered Level 5 of the Dungeon
  4922 | D:5      | Found a bloodstained altar of Trog.
  4961 | D:5      | Reached skill level 3 in Invocations
  4974 | D:5      | Reached XP level 8. HP: 67/67 MP: 0/12
  5094 | D:5      | HP: 16/67 [ogre/giant club (13)]
  5096 | D:5      | Slain by an ogre

Vault maps used:
D:1:      dpeg_arrival_long_road, serial_glass, glass_columns_a, glass_columns_a
D:3:      gammafunk_steamed_eel, gup_sewer_entry_pipe
D:4:      kennysheep_mini, nicolae_tso_carved_into_rock
D:5:      cheibrodos_helix_gallery, trog_eyes_of_draining, vehumet_crystals,
          first_ration, minmay_misc_feat_x, uniq_pikel
Sewer:    sewer_kobolds

Skill      XL: |  1  2  3  4  5  6  7 |
---------------+----------------------+-----
Invocations    | 1 2 3 |  3.2
Short Blades   | 1 2 |  2.9
Axes           | 1 2 |  2.9
Maces & Flails | 1 2 |  2.9
Polearms       | 1 2 |  2.9
Staves         | 1 2 |  2.9
Slings         | 1 2 |  2.9
Bows           | 1 2 |  2.9
Crossbows      | 1 2 |  2.9
Throwing       | 1 2 |  2.9
Armour         | 1 2 |  2.9
Shields        | 1 2 |  2.9
Unarmed Combat | 1 2 |  2.9
Spellcasting   | 1 2 |  2.9
Evocations     | 1 2 |  2.9
Conjurations   | 1 2 |  2.3
Hexes          | 1 2 |  2.3
Charms         | 1 2 |  2.3
Summonings     | 1 2 |  2.3
Necromancy     | 1 2 |  2.3
Translocations | 1 2 |  2.3
Transmutations | 1 2 |  2.3
Fire Magic     | 1 2 |  2.3
Ice Magic      | 1 2 |  2.3
Air Magic      | 1 2 |  2.3
Earth Magic    | 1 2 |  2.3
Poison Magic   | 1 2 |  2.3
Fighting       | 7 |  7.2
Long Blades    | 7 |  7.2
Dodging        | 7 |  7.2
Stealth        | 5 |  5.1

Action                   |  1- 3 |  4- 6 |  7- 9 || total
-------------------------+-------+-------+-------++-------
Melee: Falchion          |    94 |   214 |   153 ||   461
       Bite              |    11 |    32 |    38 ||    81
       Punch             |       |     3 |     3 ||     6
Invok: Whirlwind         |       |       |    12 ||    12
       Lunge             |       |       |     3 ||     3
       Wall Jump         |       |       |     2 ||     2
Evoke: Wand              |       |     6 |     5 ||    11
  Use: Scroll            |     1 |     4 |       ||     5
       Potion            |       |     5 |     2 ||     7
 Stab: Sleeping          |     9 |    10 |       ||    19
       Distracted        |       |     1 |       ||     1
  Eat: Ration            |       |     3 |       ||     3
       Chunk             |       |       |     4 ||     4
Armor: Robe              |     9 |     5 |     3 ||    17
Dodge: Dodged            |    73 |   174 |   103 ||   350
Block: Buckler           |       |       |     8 ||     8
       Rpst.: Falchion   |    24 |    58 |    31 ||   113

Table legend:
 A = Spawn XP
 B = Non-spawn XP
 C = Spawn XP percentage of total XP
 D = Spawn monster count
 E = Non-spawn monster count
 F = Spawn count percentage of total count
 G = Total turns spent on level
                    A         B        C        D         E        F      G
               +---------+---------+-------+---------+---------+-------+---------
         Total |       0 |    1330 |   0.0 |       0 |     121 |   0.0 |  5096
               +---------+---------+-------+---------+---------+-------+---------
           D:1 |       0 |      52 |   0.0 |       0 |      31 |   0.0 |   610
           D:2 |       0 |     100 |   0.0 |       0 |      19 |   0.0 |   993
           D:3 |       0 |     315 |   0.0 |       0 |      32 |   0.0 |  1335
           D:4 |       0 |     457 |   0.0 |       0 |      23 |   0.0 |  1329
           D:5 |       0 |     276 |   0.0 |       0 |       5 |   0.0 |   180
         Sewer |       0 |     130 |   0.0 |       0 |      11 |   0.0 |   649
               +---------+---------+-------+---------+---------+-------+---------

Vault maps used:
D:1:      dpeg_arrival_long_road, serial_glass, glass_columns_a, glass_columns_a
D:3:      gammafunk_steamed_eel, gup_sewer_entry_pipe
D:4:      kennysheep_mini, nicolae_tso_carved_into_rock
D:5:      cheibrodos_helix_gallery, trog_eyes_of_draining, vehumet_crystals,
          first_ration, minmay_misc_feat_x, uniq_pikel
Sewer:    sewer_kobolds

Table legend:
 A = Turns spent in this place as a percentage of turns spent in the entire game.
 B = Non-inter-level travel turns spent in this place as a percentage of non-inter-level travel turns spent in the entire game.
 C = Inter-level travel turns spent in this place as a percentage of turns spent in this place.
 D = Turns resting spent in this place as a percentage of non-inter-level travel turns spent in this place.
 E = Turns spent auto-exploring this place as a percentage of non-inter-level travel turns spent in this place.
 F = Non-inter-level travel turns spent in this place divided by the number of levels of this place that you've seen.
                   A       B       C       D       E      F
               +-------+-------+-------+-------+-------+----------------------
         Total | 100.0 | 100.0 |   3.3 |  38.9 |  36.9 | 821.7
       Dungeon |  87.3 |  86.8 |   3.7 |  34.0 |  40.3 | 856.2
         Sewer |  12.7 |  13.2 |   0.0 |  71.6 |  13.9 | 649.0
               +-------+-------+-------+-------+-------+----------------------

Table legend:
 A = Kills in this place as a percentage of kills in entire the game.
 B = Kills by you in this place as a percentage of kills by you in the entire game.
 C = Kills by friends in this place as a percentage of kills by friends in the entire game.
 D = Other kills in this place as a percentage of other kills in the entire game.
 E = Experience gained in this place as a percentage of experience gained in the entire game.
 F = Experience gained in this place divided by the number of levels of this place that you have seen.
                   A       B       C       D       E      F
               +-------+-------+-------+-------+-------+----------------------
         Total | 100.0 | 100.0 |   N/A |   N/A | 100.0 | 221.7
       Dungeon |  90.9 |  90.9 |   N/A |   N/A |  90.2 | 240.0
         Sewer |   9.1 |   9.1 |   N/A |   N/A |   9.8 | 130.0
               +-------+-------+-------+-------+-------+----------------------
